 Dungeon Crawl Stone Soup version 0.23.2-40-g277498a001 (webtiles) character file.

Game seed: 15581850311986494357

1225 Amon the Shield-Bearer (level 8, 0/49 HPs)
             Began as a Gargoyle Fighter on Oct 4, 2019.
             Killed by divine providence
             ... invoked by an orc priest
              (11 damage)
             ... on level 6 of the Dungeon.
             The game lasted 00:12:32 (4273 turns).

Amon the Shield-Bearer (Gargoyle Fighter)           Turns: 4273, Time: 00:12:32

Health: 0/49       AC: 15    Str: 21    XL:     8   Next: 47%
Magic:  8/8        EV:  5    Int:  9    God:
Gold:   297        SH: 16    Dex: 10    Spells: 7/7 levels left

rFire    . . .     SeeInvis .   a - +0 flail
rCold    . . .     Gourm    .   s - +1 large shield
rNeg     + . .     Faith    .   v - +0 chain mail
rPois    ∞         Spirit   .   (no helmet)
rElec    +         Reflect  .   (no cloak)
rCorr    .         Harm     .   (no gloves)
MR       .....                  (no boots)
Stlth    ..........             (no amulet)
HPRegen  0.16/turn              (no ring)
MPRegen  0.11/turn              (no ring)

@: slowed, very slow
A: negative energy resistance 1, electricity resistance, unbreathing,
petrification resistance, rot immunity, AC +5
a: no special abilities


You were on level 6 of the Dungeon.
You were hungry.

You visited 1 branch of the dungeon, and saw 6 of its levels.

You collected 297 gold pieces.

Inventory:

Hand Weapons
 a - a +0 flail (weapon)
 u - a +4 blowgun
Armour
 s - a +1 large shield (worn)
 v - a +0 chain mail (worn)
Scrolls
 b - a scroll of magic mapping
 e - 4 scrolls of enchant armour
 k - a scroll of teleportation
 l - a scroll of amnesia
 q - a scroll of immolation
 r - a scroll of fear
Potions
 d - 2 potions of might
 i - a potion of lignification
 j - a potion of agility
 o - a potion of cancellation
 p - a potion of ambrosia
 t - 3 potions of curing
 x - 2 potions of magic
Comestibles
 f - 9 rations


   Skills:
 * Level 5.3 Fighting
 + Level 5.5 Maces & Flails
 * Level 5.8 Armour
 * Level 2.9 Dodging
 + Level 0.2 Stealth
 + Level 6.0 Shields


You had 7 spell levels left.
You didn't know any spells.
Your spell library was empty.

Dungeon Overview and Level Annotations

Branches:
Dungeon (6/15)
 Temple: D:4-7

Altars:
The Shining One

Annotations:
D:4 1 runed translucent door


Innate Abilities, Weirdness & Mutations

You are resistant to torment.
Your stone body is resilient. (AC +5)
You are immune to poison.
You resist negative energy. (rN+)
You are resistant to electric shocks. (rElec)
You can survive without breathing.
You are immune to petrification.
You are immune to rotting.


Message History

The orc priest is severely wounded.
The orc wizard hits you but does no damage.
The orc wizard gestures wildly while chanting.
The orc wizard blinks!
You block the orc priest's attack.
Your shield and chain mail prevent you from hitting the orc priest.
The orc priest is severely wounded.
The orc priest hits you but does no damage.
You block the orc priest's attack.
The orc wizard points at you and mumbles some strange words.
You feel as though you will be slow longer.
You barely miss the orc priest.
The orc priest is severely wounded.
The orc wizard casts a spell.
The orc wizard blinks!
The orc priest calls down the wrath of Beogh upon you.
Pain shoots through your body!
* * * LOW HITPOINT WARNING * * *
The orc priest mumbles some strange prayers to Beogh against you.
Beogh smites you!
You die...

#########
#####.)@oo..#
.....§#####.#
####oo#####)#######
.....[ooo.oo.....|#
.###..####.o......#
#. #..####..#### ..
./...##>......# ..
#####.##.....##.#
.#
#.....##..#..##.###


You could see an orc priest, an orc wizard and an orc.

Vanquished Creatures
  Grinder (D:5)
  An orc warrior (D:6)
  An ice beast (D:5)
  A phantom (D:5)
  2 scorpions
  A howler monkey (D:5)
  2 jellies (D:5)
  2 orc priests
  4 orc wizards (D:6)
  2 iguanas
  3 worker ants
  A hound skeleton (D:4)
  10 adders
  A shadow imp (D:5)
  3 oozes
  2 worms
  7 dart slugs
  2 leopard geckos (D:1)
  18 orcs
  2 ball pythons (D:3)
  7 giant cockroaches
  10 goblins
  8 hobgoblins
  6 jackals
  2 quokkas (D:5)
  6 bats
  5 frilled lizards
  7 kobolds
  2 quokka zombies
  10 rats
129 creatures vanquished.

Notes
Turn   | Place    | Note
-------+----------+-------------------------------------------
     0 | D:1      | Amon the Gargoyle Fighter began the quest for the Orb.
     0 | D:1      | Reached XP level 1. HP: 14/14 MP: 1/1
     2 | D:1      | Noticed a ghoul
     2 | D:1      | Noticed a tengu
     4 | D:1      | Noticed a formicid
     4 | D:1      | Noticed a draconian
     6 | D:1      | Noticed a felid
     8 | D:1      | Noticed a vine stalker
     8 | D:1      | Noticed a demigod
    10 | D:1      | Noticed a vampire
    10 | D:1      | Noticed a human
    12 | D:1      | Noticed a halfling
    12 | D:1      | Noticed a troll
    14 | D:1      | Noticed a centaur
    16 | D:1      | Noticed a gargoyle
    16 | D:1      | Noticed a minotaur
    18 | D:1      | Noticed an ogre
    20 | D:1      | Noticed a naga
    22 | D:1      | Noticed an elf
    22 | D:1      | Noticed a merfolk
    24 | D:1      | Noticed an octopode
    24 | D:1      | Noticed a demonspawn
    26 | D:1      | Noticed a dwarf
    26 | D:1      | Noticed a spriggan
    78 | D:1      | Reached XP level 2. HP: 18/19 MP: 2/2
   369 | D:1      | Reached XP level 3. HP: 23/23 MP: 3/3
   446 | D:1      | HP: 1/24 [leopard gecko (3)]
   686 | D:2      | Reached XP level 4. HP: 27/29 MP: 4/4
   805 | D:2      | Reached skill level 1 in Dodging
  1120 | D:3      | HP: 1/29 [iguana (5)]
  1134 | D:3      | Reached skill level 4 in Shields
  1134 | D:3      | Reached XP level 5. HP: 10/33 MP: 5/5
  2190 | D:4      | Reached XP level 6. HP: 31/38 MP: 6/6
  2394 | D:4      | Found a glowing golden altar of the Shining One.
  2394 | D:4      | Noticed an angel
  2395 | D:4      | Found a runed translucent door.
  2734 | D:5      | Entered Level 5 of the Dungeon
  2734 | D:5      | Noticed an ice beast
  2845 | D:5      | Killed an ice beast
  2889 | D:5      | Noticed a phantom
  2922 | D:5      | Reached XP level 7. HP: 19/44 MP: 7/7
  3185 | D:5      | Reached skill level 5 in Armour
  3364 | D:5      | Noticed Grinder
  3382 | D:5      | Paralysed by Grinder for 5 turns
  3395 | D:5      | Paralysed by Grinder for 6 turns
  3413 | D:5      | Paralysed by Grinder for 2 turns
  3415 | D:5      | Killed Grinder
  3415 | D:5      | Reached skill level 5 in Shields
  3488 | D:5      | Reached skill level 5 in Fighting
  3488 | D:5      | Reached XP level 8. HP: 37/49 MP: 8/8
  3528 | D:5      | Reached skill level 5 in Maces & Flails
  4251 | D:6      | Reached skill level 6 in Shields
  4273 | D:6      | Killed from afar by an orc priest

Skill      XL: |  1  2  3  4  5  6  7  8 |
---------------+-------------------------+-----
Armour         | 4 5 |  5.8
Dodging        | 1 2 |  2.9
Maces & Flails | 3 4 5 |  5.5
Shields        | 4 5 6 |  6.0
Fighting       | 4 5 |  5.3
Stealth        | |  0.2

Action                   |  1- 3 |  4- 6 |  7- 9 || total
-------------------------+-------+-------+-------++-------
Melee: Flail             |   172 |   266 |   254 ||   692
  Use: Potion            |     1 |     2 |     1 ||     4
       Scroll            |       |    14 |       ||    14
  Eat: Chunk             |       |     7 |     5 ||    12
Armor: Scale mail        |    43 |       |       ||    43
       Ring mail         |    62 |   111 |       ||   173
       Chain mail        |       |    20 |    97 ||   117
Dodge: Dodged            |    71 |    60 |    19 ||   150
Block: Shield            |   124 |    53 |       ||   177
       Large shield      |       |   141 |   190 ||   331
